 Dungeon Crawl Stone Soup version 0.31-a0-986-g5e6e4ef867 (webtiles) character file.

Game seed: 76661811629778082

5936 quinnr the Zephyrmancer (level 10, -9/64 HPs)
             Began as a Tengu Air Elementalist on Nov 24, 2023.
             Was a Believer of Vehumet.
             Shot with an arrow by a centaur warrior (22 damage)
             ... on level 9 of the Dungeon.
             The game lasted 00:32:09 (13624 turns).

quinnr the Zephyrmancer (Tengu Air Elementalist)   Turns: 13624, Time: 00:32:10

Health: -9/64      AC:  3    Str:  9    XL:     10   Next: 83%
Magic:  6/18       EV: 22    Int: 19    God:    Vehumet [**....]
Gold:   544        SH:  0    Dex: 15    Spells: 9/19 levels left

rFire   + . .        v - +0 hand axe (venom)
rCold   + . .        (no shield)
rNeg    . . .        L - +0 robe {rC+ rF+}
rPois   +            (helmet restricted)
rElec   .            (no cloak)
rCorr   .            j - +0 pair of gloves
SInv    .            (boots unavailable)
Will    .....        (no amulet)
Stlth   +++          E - +5 ring of evasion
HPRegen 0.30/turn    P - ring of poison resistance
MPRegen 0.16/turn

%: acrobat
@: flying
A: beak, talons 3, evasive flight, acrobatic
a: Renounce Religion


You were on level 9 of the Dungeon.
You worshipped Vehumet.
Vehumet was pleased with you.
You visited 2 branches of the dungeon, and saw 10 of its levels.
You also visited: Sewer and Ossuary.

You collected 580 gold pieces.
You spent 36 gold pieces at shops.


Innate Abilities, Weirdness & Mutations

You have a beak for a mouth.
You have claws for feet.
Your magical flight helps you evade attacks. (EV +4)
You can magically evade attacks while moving or waiting.


   Skills:
 - Level 8.0 Fighting
 - Level 3.0 Throwing
 - Level 4.0 Armour
 - Level 4.0 Dodging
 + Level 4.3 Stealth
 - Level 5.0 Spellcasting
 - Level 5.0 Conjurations
 - Level 12.0 Air Magic
 - Level 5.0 Evocations


You had 9 spell levels left.
You knew the following spells:

 Your Spells              Type           Power      Damage    Failure   Level
a - Airstrike             Air            25%        2d(4-20)  1%          4
i - Swiftness             Air            50%        N/A       1%          3
t - Static Discharge      Conj/Air       74%        3-7/arc   1%          2
z - Shock                 Conj/Air       100%       1d9       1%          1

Your spell library contained the following spells:

 Spells                   Type           Power      Damage    Failure   Level
 Searing Ray              Conj           46%        2d6       2%          2
 Blink                    Tloc           8%         N/A       19%         2
 Manifold Assault         Tloc           4%         N/A       77%         4

Inventory:

Hand Weapons
 v - a +0 hand axe of venom (weapon)
 N - the +6 hand axe "Suzeg" {flame, rElec rN++ Dex+3}
   (You found it on level 9 of the Dungeon)

   Dex+3:     It affects your dexterity (+3).
   rElec:     It insulates you from electricity.
   rN++:      It greatly protects you from negative energy.
Missiles
 I - 2 curare-tipped darts {=f}
 J - 2 javelins
Armour
 a - a +0 robe
 j - a +0 pair of gloves (worn)
 B - a +2 leather armour of willpower
 L - a +0 robe of resistance (worn)
Jewellery
 C - a ring of protection from cold
 E - a +5 ring of evasion (left hand)
 P - a ring of poison resistance (right hand)
Wands
 q - a wand of iceblast (7)
 x - a wand of flame (19)
 M - a wand of digging (1)
Scrolls
 c - 2 scrolls of blinking
 k - 4 scrolls of teleportation {@r2}
 l - 2 scrolls of immolation
 m - 2 scrolls of fear
 n - a scroll of poison
 o - 2 scrolls of enchant armour
 p - a scroll of fog
 r - a scroll of noise {unknown}
 t - 3 scrolls of enchant weapon {unknown}
 u - a scroll of revelation {unknown}
 y - a scroll of vulnerability
 z - 3 scrolls of brand weapon {unknown}
 A - a scroll of torment
 G - a scroll of amnesia {unknown}
Potions
 b - a potion of magic
 d - 4 potions of degeneration
 e - 2 potions of heal wounds {unknown}
 f - a potion of haste {@q3}
 g - a potion of mutation {unknown}
 h - a potion of brilliance {unknown}
 i - 3 potions of curing {@q1}
 s - a potion of cancellation
 D - 3 potions of attraction
 F - 2 potions of enlightenment
 H - a potion of resistance
 K - a potion of invisibility

Dungeon Overview and Level Annotations

Branches:
Dungeon (9/15)             Temple (1/1) D:4           Sewer (visited)
Ossuary (visited)
   Lair: D:8-11         Orc: D:9-12

Altars:
Ashenzari
Cheibriados
Dithmenos
Elyvilon
Fedhas
Gozag
Kikubaaqudgha
Makhleb
Nemelex Xobeh
Okawaru
Qazlal
Ru
Sif Muna
Trog
Uskayaw
Vehumet
Wu Jian
Xom
Yredelemnul
Zin
The Shining One

Shops:
D:3 (   D:6 *   D:8 [

Annotations:
D:4 3 runed translucent doors, ShellytheWitch's ghost, novice KoBr
D:8 exclusion: centaur, Joseph
D:9 exclusion: 2 doors

▒.†....▒
.WW▒...)..
▒....▒▒▒
...▒......
▒....▒
▒......
▒..▒▒▒
▒▒..⌠.. ▒..▒
▒..... ▒..▒
▒▒...▒ ▒..▒
▒...▒ ▒..▒
▒▒▒▒▒ ▒.@▒ ▒
.. ▒..▒ .▒▒▒
▒..▒ ....▒
▒..▒......
▒▒.c...⌠..
▒....▒......
▒....▒....F▒
▒....▒ ..▒▒▒
▒....▒ ▒▒▒


You could see a centaur warrior.


Message History

Casting: Airstrike (dangerous; 1% risk of failure)
Confirm with . or Enter, or press ? or * to list all spells.
Aiming: Airstrike (dangerous; 1% risk of failure)
Press: ? - help, Dir - move target, f/p - centaur warrior
Aim: a centaur warrior, wielding a +0 orcbow (empty space bonus: 6/8)
The air twists around and strikes the centaur warrior!
The centaur warrior is lightly wounded.
The centaur warrior shoots an arrow.
The arrow hits you!
* * * LOW HITPOINT WARNING * * *
You hear a loud, deep croak!
Casting: Airstrike (dangerous; 1% risk of failure)
Confirm with . or Enter, or press ? or * to list all spells.
Aiming: Airstrike (dangerous; 1% risk of failure)
Press: ? - help, Dir - move target, f/p - centaur warrior
Aim: a centaur warrior, wielding a +0 orcbow (lightly wounded, empty space bonus: 6/8)
The air twists around and strikes the centaur warrior!!
The centaur warrior is heavily wounded.
The centaur warrior shoots an arrow.
The arrow barely misses you.
The centaur warrior shoots an arrow.
The arrow hits you!!
* * * LOW HITPOINT WARNING * * *
Unknown command.
Casting: Airstrike (dangerous; 1% risk of failure)
Confirm with . or Enter, or press ? or * to list all spells.
Aiming: Airstrike (dangerous; 1% risk of failure)
Press: ? - help, Dir - move target, f/p - centaur warrior
Aim: a centaur warrior, wielding a +0 orcbow (heavily wounded, empty space bonus: 6/8)
The air twists around and strikes the centaur warrior!!
The centaur warrior is almost dead.
The centaur warrior shoots an arrow.
The arrow hits you!!
You die...

Skill      XL: |  1  2  3  4  5  6  7  8  9 10 |
---------------+-------------------------------+-----
Air Magic      | 5 6 7 9 10 12 | 12.0
Fighting       | 1 2 5 8 |  8.0
Conjurations   | 2 3 5 |  5.0
Dodging        | 3 4 |  4.0
Stealth        | 4 |  4.3
Spellcasting   | 3 4 5 |  5.0
Evocations     | 3 5 |  5.0
Throwing       | 1 3 |  3.0
Armour         | 4 |  4.0

Action                     |  1- 3 |  4- 6 |  7- 9 | 10-12 || total
---------------------------+-------+-------+-------+-------++-------
  Melee: Unarmed           |     1 |    18 |     5 |       ||    24
         Kick              |     1 |     1 |     4 |     2 ||     8
         Peck              |       |     1 |     1 |     1 ||     3
         Hand axe          |       |       |     1 |     4 ||     5
   Cast: Shock             |   102 |    70 |   231 |    27 ||   430
         Airstrike         |       |     2 |    57 |    55 ||   114
         Static Discharge  |       |     2 |    11 |     1 ||    14
         Swiftness         |       |       |     2 |       ||     2
  Evoke: Wand              |       |       |     1 |     7 ||     8
    Use: Scroll            |       |     4 |    10 |     1 ||    15
         Potion            |       |     4 |       |     1 ||     5
 Armour: Robe              |     5 |    27 |    50 |    16 ||    98
         Skin              |       |    18 |       |       ||    18
  Dodge: Dodged            |    25 |    91 |   118 |    41 ||   275

Levels and vault maps discovered:
D:1:      minmay_arrival_nine_rooms, layout_basic
D:2:      layout_basic, minivault_4
D:3:      layout_rooms, nemelex_xobeh_ov_fountains_minmay, serial_shops, shop
D:4:      layout_loops_ring, minmay_temple_entry_tees,
          mainiacjoe_sewer_entry_somewhere_in_here_2, gammafunk_ghost_split,
          hangedman_minor_gate_pass, uniq_menkaure
D:5:      layout_cave_pools
D:6:      layout_layer_cave, vehumet_altar_wand_db, serial_shops,
          nicolae_stop_n_shop_1, mainiacjoe_ossuary_entry_dusty_tomb,
          minmay_ruined_shrine
D:7:      layout_loops_ring, mainiacjoe_overflow_alcove_3
D:8:      cheibrodos_helix_gallery, layout_loops_ring, kennysheep_ying_yang,
          mainiacjoe_overflow_boulevard, nicolae_shop_dragon_depot,
          einodemon_armed_red_devil_minivault, uniq_jeremiah, uniq_joseph
D:9:      layout_irregular_city, pdpol_temple_overflow_zin_treasury_gozag_greed,
          nicolae_qazlal_general_emergency, nicolae_rejected_hall
Temple:   grunt_temple_mini_profane

Notes
Turn   | Place    | Note
-------+----------+-------------------------------------------
     0 | D:1      | quinnr the Tengu Air Elementalist began the quest for the
                  | Orb.
     0 | D:1      | Reached XP level 1. HP: 10/10 MP: 4/4
   197 | D:1      | Reached XP level 2. HP: 15/15 MP: 3/6
   346 | D:1      | Reached skill level 5 in Air Magic
   728 | D:1      | Reached XP level 3. HP: 19/19 MP: 4/7
  1661 | D:2      | Reached skill level 6 in Air Magic
  2497 | D:3      | Found Jyfofyv's Antique Weapon Boutique.
  2648 | D:3      | Reached XP level 4. HP: 24/24 MP: 0/8
  3088 | D:3      | Found a sparkling altar of Nemelex Xobeh.
  3131 | D:4      | Noticed a phantom
  3131 | D:4      | Found a runed translucent gate.
  3131 | D:4      | Found a runed translucent gate.
  3132 | D:4      | Found a runed translucent gate.
  3133 | D:4      | Noticed ShellytheWitch's ghost (novice KoBr)
  3147 | D:3      | HP: 2/24 [ufetubus (4)]
  3152 | D:3      | HP: 1/36 [ufetubus (1)]
  3294 | D:4      | Found a staircase to the Ecumenical Temple.
  3299 | Temple   | Entered the Ecumenical Temple
  3329 | D:4      | Reached skill level 7 in Air Magic
  3344 | D:4      | Reached XP level 5. HP: 19/28 MP: 0/9
  3348 | D:4      | Learned a level 2 spell: Static Discharge
  3397 | D:4      | Killed a phantom
  3398 | D:4      | Reached skill level 8 in Air Magic
  3467 | D:4      | Found a glowing drain.
  3471 | Sewer    | Entered a sewer
  3594 | Sewer    | Noticed Pargi
  3618 | Sewer    | Learned a level 4 spell: Airstrike
  3632 | Sewer    | Killed Pargi
  3633 | Sewer    | Reached skill level 9 in Air Magic
  3633 | Sewer    | Reached XP level 6. HP: 24/32 MP: 1/10
  3790 | D:4      | Noticed a black bear
  4077 | D:4      | Noticed Menkaure
  4088 | D:4      | Killed Menkaure
  4089 | D:4      | Reached skill level 1 in Fighting
  4089 | D:4      | Reached skill level 2 in Conjurations
  4089 | D:4      | Gained mutation: Your magical flight helps you evade
                  | attacks. (EV +4) [Tengu growth]
  4089 | D:4      | Reached XP level 7. HP: 38/38 MP: 7/11
  4356 | D:4      | Reached skill level 3 in Dodging
  4367 | D:5      | Entered Level 5 of the Dungeon
  4378 | D:4      | Reached skill level 3 in Stealth
  4520 | D:4      | Reached skill level 3 in Conjurations
  4632 | D:4      | Reached skill level 2 in Fighting
  5454 | D:5      | Noticed a hornet
  5457 | D:5      | Killed a hornet
  5458 | D:5      | Reached skill level 4 in Stealth
  5458 | D:5      | Reached skill level 10 in Air Magic
  5458 | D:5      | Reached skill level 3 in Spellcasting
  5458 | D:5      | Reached XP level 8. HP: 44/44 MP: 2/14
  5556 | D:5      | Learned a level 3 spell: Swiftness
  5721 | D:5      | Reached skill level 4 in Spellcasting
  6205 | D:5      | Reached skill level 11 in Air Magic
  6220 | D:6      | Found Ciriaq's General Store.
  6225 | D:6      | Bought a scroll of teleportation for 36 gold pieces
  6401 | D:6      | Found a radiant altar of Vehumet.
  6640 | D:6      | Reached skill level 12 in Air Magic
  6794 | D:6      | Found a sand-covered staircase.
  6804 | Ossuary  | Entered an ossuary
  7967 | D:6      | Reached XP level 9. HP: 49/49 MP: 7/16
  8047 | D:6      | Reached skill level 3 in Fighting
  8047 | D:6      | Reached skill level 4 in Dodging
  8384 | D:6      | Reached skill level 4 in Fighting
  8549 | D:6      | Found an iron altar of Okawaru.
  8741 | D:6      | Reached skill level 1 in Evocations
  8747 | D:6      | Became a worshipper of Vehumet
  9353 | D:6      | Reached skill level 4 in Conjurations
  9636 | D:7      | Reached skill level 2 in Evocations
 10158 | D:7      | Reached skill level 5 in Conjurations
 10272 | D:7      | Reached skill level 5 in Fighting
 10272 | D:7      | Reached skill level 5 in Spellcasting
 10272 | D:7      | Reached skill level 3 in Evocations
 10364 | D:7      | Reached * piety under Vehumet
 10364 | D:7      | Offered knowledge of Foxfire by Vehumet.
 10838 | D:7      | Found a snail-covered altar of Cheibriados.
 10839 | D:7      | Found a bloodstained altar of Trog.
 10840 | D:7      | Found a broken altar of Ashenzari.
 10841 | D:7      | Found a hide-covered altar of Uskayaw.
 10871 | D:8      | Noticed a hornet
 10873 | D:8      | Killed a hornet
 10874 | D:8      | Reached skill level 1 in Throwing
 10999 | D:8      | Identified a potion of resistance
 11046 | D:8      | Reached XP level 10. HP: 59/59 MP: 2/18
 11260 | D:8      | Found a white marble altar of Elyvilon.
 11289 | D:8      | Noticed Jeremiah
 11291 | D:8      | Killed Jeremiah
 11292 | D:8      | Reached skill level 2 in Throwing
 11292 | D:8      | Reached skill level 4 in Evocations
 11346 | D:8      | Found a basalt altar of Yredelemnul.
 11375 | D:8      | Found an iron altar of Okawaru.
 11459 | D:8      | Noticed Joseph
 11528 | D:8      | Found Michael's Dragon-Slaying Spoils.
 11618 | D:8      | Reached skill level 6 in Fighting
 11831 | D:8      | Reached skill level 3 in Throwing
 11831 | D:8      | Reached skill level 1 in Armour
 12003 | D:8      | Reached skill level 2 in Armour
 12361 | D:9      | Reached skill level 5 in Evocations
 12488 | D:9      | Identified a +0 robe of resistance
 12626 | D:9      | Reached skill level 3 in Armour
 12949 | D:9      | Found a glowing silver altar of Zin.
 12977 | D:9      | Reached skill level 7 in Fighting
 13086 | D:9      | Found a stormy altar of Qazlal.
 13091 | D:9      | Reached ** piety under Vehumet
 13091 | D:9      | Offered knowledge of Searing Ray by Vehumet.
 13092 | D:9      | Noticed a kobold demonologist
 13095 | D:9      | Killed a kobold demonologist
 13096 | D:9      | Reached skill level 4 in Armour
 13155 | D:9      | Found an opulent altar of Gozag.
 13235 | D:9      | Identified the +6 hand axe "Suzeg" {flame, rElec rN++
                  | Dex+3}
 13397 | D:9      | Reached skill level 8 in Fighting
 13504 | D:9      | Noticed a flayed ghost
 13508 | D:9      | Noticed a tengu warrior
 13508 | D:9      | Noticed a tengu warrior
 13619 | D:9      | Noticed a centaur warrior
 13624 | D:9      | Shot with an arrow by a centaur warrior

Vanquished Creatures
  Jeremiah (D:8)
  3 red devils (D:8)
  A kobold demonologist (D:9)
  2 trolls (D:9)
  2 hornets
  Menkaure (D:4)
  An acid dragon (D:9)
  5 black bears
  Pargi (Sewer)
  2 ice beasts (D:6)
  An orc warrior (D:8)
  A sky beast (D:8)
  2 ogres
  4 centaurs
  4 phantoms
  3 kobold brigands
  2 bullfrogs
  2 scorpions
  5 wights
  3 electric eels (D:8)
  4 howler monkeys
  5 hounds
  A jelly (D:7)
  A gnoll bouda (D:5)
  4 orc priests
  4 iguanas
  8 orc wizards
  A mummy (Ossuary)
  6 gnolls (D:6)
  3 adders
  A river rat (D:4)
  6 ufetubi
  2 worms
  4 dart slugs
  39 orcs
  2 spectral bats (Ossuary)
  7 endoplasms
  3 giant cockroaches
  12 gnoll zombies (Ossuary)
  12 hobgoblins
  5 jackals
  5 quokkas
  6 ball pythons
  5 bats
  A bat simulacrum (Ossuary)
  5 frilled lizards
  10 goblins
  A goblin simulacrum (Ossuary)
  3 goblin zombies (Ossuary)
  4 hobgoblin zombies (Ossuary)
  22 kobolds
  2 kobold simulacra (Ossuary)
  8 kobold zombies (Ossuary)
  3 orc zombies (Ossuary)
  6 rats
  3 rat simulacra (Ossuary)
  2 spectral goblins (Ossuary)
  5 spectral kobolds (Ossuary)
  3 spectral rats (Ossuary)
270 creatures vanquished.

Vanquished Creatures (others)
  An orc priest (D:7)
  An orc (D:7)
2 creatures vanquished.

Grand Total: 272 creatures vanquished

Table legend: (Time is in decaauts)
 A = Elapsed time spent in this place.
 B = Non-inter-level travel time spent in this place.
 C = Inter-level travel time spent in this place.
 D = Time resting spent in this place.
 E = Time spent auto-exploring this place.
 F = Levels seen in this place.
 G = Mean time per level.
                   A        B        C        D        E       F      G
               +--------+--------+--------+--------+--------+-----+--------+
         Total |  13640 |  13104 |    536 |   1432 |   9484 |  12 | 1136.7 |
       Dungeon |  12182 |  11655 |    527 |    931 |   9004 |   9 | 1353.6 |
        Temple |     22 |     13 |      9 |      0 |      0 |   1 |   22.0 |
         Sewer |    298 |    298 |      0 |     35 |    190 |   1 |  298.0 |
       Ossuary |   1137 |   1137 |      0 |    466 |    289 |   1 | 1137.0 |
               +--------+--------+--------+--------+--------+-----+--------+

Top non-repeatable levels by time:
     D:6: 2087 daAuts
     D:4: 1691 daAuts
     D:8: 1490 daAuts
     D:7: 1266 daAuts
     D:1: 1256 daAuts
     D:5: 1203 daAuts
     D:9: 1174 daAuts
 Ossuary: 1137 daAuts
     D:2: 1070 daAuts
     D:3: 941 daAuts
   Sewer: 298 daAuts
  Temple: 22 daAuts

Table legend:
 A = Non-vault XP
 B = Vault XP
 C = Vault XP percentage of total XP
 D = Non-vault monster count
 E = Vault monster count
 F = Vault count percentage of total count
                 A         B        C        D         E       F
            +---------+---------+-------+---------+---------+-------
      Total |    5709 |    2771 |  32.7 |     189 |      83 |  30.5
            +---------+---------+-------+---------+---------+-------
        D:1 |      51 |       0 |   0.0 |      30 |       0 |   0.0
        D:2 |      19 |       0 |   0.0 |      12 |       0 |   0.0
        D:3 |      48 |       0 |   0.0 |      17 |       0 |   0.0
        D:4 |     445 |     242 |  35.2 |      28 |      14 |  33.3
        D:5 |     910 |       0 |   0.0 |      17 |       0 |   0.0
        D:6 |    1045 |     319 |  23.4 |      28 |       5 |  15.2
        D:7 |     916 |       0 |   0.0 |      21 |       0 |   0.0
        D:8 |     633 |    1570 |  71.3 |       6 |       7 |  53.8
        D:9 |    1642 |     415 |  20.2 |      30 |       3 |   9.1
      Sewer |       0 |     144 | 100.0 |       0 |       4 | 100.0
    Ossuary |       0 |      81 | 100.0 |       0 |      50 | 100.0
            +---------+---------+-------+---------+---------+-------

Levels and vault maps discovered:
D:1:      minmay_arrival_nine_rooms, layout_basic
D:2:      layout_basic, minivault_4
D:3:      layout_rooms, nemelex_xobeh_ov_fountains_minmay, serial_shops, shop
D:4:      layout_loops_ring, minmay_temple_entry_tees,
          mainiacjoe_sewer_entry_somewhere_in_here_2, gammafunk_ghost_split,
          hangedman_minor_gate_pass, uniq_menkaure
D:5:      layout_cave_pools
D:6:      layout_layer_cave, vehumet_altar_wand_db, serial_shops,
          nicolae_stop_n_shop_1, mainiacjoe_ossuary_entry_dusty_tomb,
          minmay_ruined_shrine
D:7:      layout_loops_ring, mainiacjoe_overflow_alcove_3
D:8:      cheibrodos_helix_gallery, layout_loops_ring, kennysheep_ying_yang,
          mainiacjoe_overflow_boulevard, nicolae_shop_dragon_depot,
          einodemon_armed_red_devil_minivault, uniq_jeremiah, uniq_joseph
D:9:      layout_irregular_city, pdpol_temple_overflow_zin_treasury_gozag_greed,
          nicolae_qazlal_general_emergency, nicolae_rejected_hall
Temple:   grunt_temple_mini_profane
